 Dungeon Crawl Stone Soup version 0.25-a0-36-g303dd5b (webtiles) character file.

Game seed: 4364774544354059385, levelgen mode: deterministic

6407 Kel the Fighter (level 10, -6/141 HPs)
             Began as a White Draconian Berserker on Oct 19, 2019.
             Was a High Priest of Trog.
             Mangled by a yak (10 damage)
             ... on level 8 of the Dungeon.
             The game lasted 00:30:51 (14767 turns).

Kel the Fighter (White Draconian Berserker)        Turns: 14767, Time: 00:30:52

Health: -6/141     AC:  8    Str: 30    XL:     10   Next: 66%
Magic:  10/10      EV: 16    Int: 11    God:    Trog [*****.]
Gold:   360        SH:  3    Dex: 11    Spells: 9/9 levels left

rFire    . . .     SeeInvis .   j - +2 hand axe (freeze)
rCold    + . .     Gourm    .   (no shield)
rNeg     . . .     Faith    .   (armour unavailable)
rPois    .         Spirit   .   (helmet restricted)
rElec    .         Reflect  +   w - +0 cloak
rCorr    .         Harm     .   (no gloves)
MR       .....                  (no boots)
Stlth    ..........             u - +3 amulet of reflection
HPRegen  0.33/turn              k - +3 ring of intelligence
MPRegen  0.12/turn              m - +3 ring of strength

@: berserking, lightly drained, very quick
A: breathe frost, unfitting armour, cold resistance 1, cold-blooded, AC +7
a: Breathe Frost, Berserk, Trog's Hand, Brothers in Arms, Renounce Religion


You were on level 8 of the Dungeon.
You worshipped Trog.
Trog was extremely pleased with you.
You were hungry.

You visited 1 branch of the dungeon, and saw 9 of its levels.

You collected 532 gold pieces.
You spent 172 gold pieces at shops.

Inventory:

Hand Weapons
 a - a +1 hand axe of chopping
 j - a +2 hand axe of freezing (weapon)
Armour
 w - a +0 cloak (worn)
Jewellery
 k - a +3 ring of intelligence (left hand)
 m - a +3 ring of strength (right hand)
 n - an uncursed ring of flight
 u - a +3 amulet of reflection (around neck)
 x - an uncursed amulet of the acrobat
 C - an uncursed amulet of harm
 H - an uncursed ring of protection from fire
Wands
 s - a wand of enslavement (3)
 A - a wand of flame (12)
 B - a wand of polymorph (6)
Scrolls
 c - a scroll of fear
 d - 2 scrolls of magic mapping
 e - 5 scrolls of identify
 h - a scroll of random uselessness
 i - 3 scrolls of remove curse
 o - a scroll of teleportation
 y - 3 scrolls of enchant armour
 D - a scroll of brand weapon
Potions
 f - a potion of invisibility
 q - a potion of haste
 r - 2 potions of ambrosia
 z - a potion of resistance
 F - a potion of lignification
Comestibles
 b - 6 rations


   Skills:
 + Level 10.7(10.3) Fighting
 + Level 9.9(9.5) Axes
 + Level 9.1(8.7) Dodging


You had 9 spell levels left.
You didn't know any spells.
Your spell library was empty.

Dungeon Overview and Level Annotations

Branches:
Dungeon (9/15)             Temple (0/1) D:5            Lair (0/6) D:8
    Orc: D:9-12

Altars:
Sif Muna

Shops:
D:4 =   D:6 =

Annotations:
D:8 1 runed translucent door, Mango's ghost, novice DDFi


Innate Abilities, Weirdness & Mutations

You can breathe waves of freezing cold.
You can buffet flying creatures when you breathe cold.
Your icy white scales are hard. (AC +7)
You cannot fit into any form of body armour.
Your flesh is cold resistant. (rC+)
You are cold-blooded and may be slowed by cold attacks.


Message History

The yak is severely wounded.
The yak gores you.
* * * LOW HITPOINT WARNING * * *
You hit the yak. You freeze the yak.
The yak is severely wounded.
You hit the yak. You freeze the yak.
The yak is severely wounded.
The yak gores you!
* * * LOW HITPOINT WARNING * * *
You feel better. The yak gores you!
* * * LOW HITPOINT WARNING * * *
A red film seems to cover your vision as you go berserk!
You feel yourself moving faster!
You feel mighty!
You are feeling hungry.
The yak gores you!
* * * LOW HITPOINT WARNING * * *
You slash the yak! You freeze the yak.
The yak is almost dead.
The yak gores you!
You die...

..........P......#
#(#.#........
......P..P...P...#
#(#.#........
.......P.P.[....##
#<#.##....... ##......♣.......#
###.......... #..............#
####.....≈≈ ##.............#
#.......
##........##..###########......
###########..[................
##>@........##......
#Y######.[....#.##. #.#
###.#.#....... #.#
#........#.##. #.#
#.#.#.####.##. #.#
#.#.#.#....... #.#
#.#.#.######## #.# #.#.#.# #.#
#.#.#.#


You could see a yak.

Vanquished Creatures
  A troll (D:8)
  6 slime creatures
  Prince Ribbit (D:7)
  A basilisk (D:8)
  4 yaks (D:8)
  A water moccasin (D:7)
  3 porcupines (D:8)
  2 black bears (D:8)
  3 orc warriors
  A sky beast (D:8)
  A necrophage (D:5)
  2 ogres
  4 phantoms
  2 ice beasts
  3 wolves
  A centaur (D:8)
  2 crocodiles (D:8)
  5 bullfrogs
  A gnoll sergeant (D:6)
  A wyvern skeleton (D:6)
  3 scorpions
  6 wights
  A howler monkey (D:5)
  2 crimson imps (D:6)
  A centaur zombie (D:6)
  2 hounds
  2 jellies
  A bullfrog skeleton (D:6)
  Crazy Yiuf (D:7)
  4 orc priests
  2 orc wizards
  A centaur skeleton (D:6)
  Ijyb (D:4)
  Natasha (D:1)
  2 iguanas
  4 worker ants
  2 hound skeletons
  A howler monkey zombie (D:8)
  3 gnolls (D:6)
  14 adders
  A shadow imp (D:5)
  3 oozes (D:3)
  An adder skeleton (D:5)
  5 worms
  A dart slug (D:3)
  17 orcs
  9 giant cockroaches
  6 goblins
  10 hobgoblins
  12 jackals
  9 kobolds
  7 quokkas
  2 ball pythons
  8 bats
  4 frilled lizards
  A leopard gecko skeleton (D:6)
  12 rats
  A fungus (D:7)
208 creatures vanquished.

Vanquished Creatures (others)
  A plant (D:8)
1 creature vanquished.

Grand Total: 209 creatures vanquished

Notes
Turn   | Place    | Note
-------+----------+-------------------------------------------
     0 | D:1      | Kel the Draconian Berserker began the quest for the Orb.
     0 | D:1      | Reached XP level 1. HP: 19/19 MP: 1/1
    95 | D:1      | Reached XP level 2. HP: 21/26 MP: 2/2
   502 | D:1      | Reached ** piety under Trog
   784 | D:2      | Reached XP level 3. HP: 33/33 MP: 3/3
   823 | D:2      | Reached skill level 4 in Fighting
   989 | D:2      | Reached XP level 4. HP: 30/40 MP: 4/4
  1829 | D:2      | Noticed Natasha
  1954 | D:1      | Killed Natasha
  1954 | D:1      | Reached XP level 5. HP: 30/47 MP: 5/5
  3067 | D:3      | Reached *** piety under Trog
  3700 | D:4      | Found a shimmering blue altar of Sif Muna.
  3729 | D:3      | Reached skill level 5 in Fighting
  3754 | D:3      | Reached XP level 6. HP: 31/56 MP: 6/6
  4384 | D:4      | Reached skill level 5 in Axes
  4786 | D:4      | Noticed Ijyb
  4803 | D:4      | Killed Ijyb
  4936 | D:4      | Your scales start taking on an icy white colour.
  4936 | D:4      | Reached XP level 7. HP: 56/62 MP: 7/7
  4936 | D:4      | Gained mutation: Your flesh is cold resistant. (rC+) [White
                  | Draconian growth]
  5056 | D:4      | Found Jycul's Jewellery Emporium.
  5064 | D:4      | Bought a +3 ring of strength for 172 gold pieces
  5153 | D:5      | Entered Level 5 of the Dungeon
  5253 | D:5      | Reached skill level 6 in Fighting
  5253 | D:5      | Reached skill level 5 in Dodging
  5339 | D:5      | Found a staircase to the Ecumenical Temple.
  6189 | D:5      | Reached XP level 8. HP: 33/71 MP: 8/8
  6621 | D:5      | Reached skill level 7 in Fighting
  6890 | D:6      | Found Zeunath's Jewellery Shoppe.
  7221 | D:6      | Reached **** piety under Trog
  7395 | D:6      | Reached skill level 8 in Fighting
  7853 | D:5      | Reached XP level 9. HP: 69/81 MP: 9/9
  9113 | D:7      | You fall into a shaft and drop 1 floor!
  9369 | D:7      | Found a runed translucent door.
  9370 | D:7      | Noticed Crazy Yiuf
  9380 | D:7      | Killed Crazy Yiuf
 10078 | D:8      | Reached skill level 9 in Fighting
 10279 | D:8      | Found a staircase to the Lair.
 11202 | D:7      | Reached XP level 10. HP: 37/92 MP: 10/10
 12019 | D:7      | Reached skill level 10 in Fighting
 12096 | D:8      | Found a runed translucent door.
 12325 | D:8      | Noticed Prince Ribbit
 12533 | D:7      | Killed Prince Ribbit
 13640 | D:8      | Noticed Mango's ghost (novice DDFi)
 14429 | D:9      | Reached ***** piety under Trog
 14766 | D:8      | HP: 3/141 [yak (8)]
 14767 | D:8      | Mangled by a yak

Levels and vault maps discovered:
D:1:      dpeg_arrival_ratfight, layout_basic, minmay_misc_feat_doors
D:2:      layout_basic, uniq_natasha
D:3:      layout_rooms
D:4:      layout_basic, old_standard_altar, first_ration, serial_shops, shop,
          uniq_ijyb
D:5:      layout_gridville, minmay_temple_entry_sparse_star
D:6:      layout_cave_pods, serial_shops, kennysheep_little_box,
          kennysheep_generic_room_5
D:7:      layout_cave_pools, uniq_crazy_yiuf_cottage
D:8:      layout_basic, minmay_lair_entry_grove, ebering_ghost_reflecting_pool,
          uniq_prince_ribbit1
D:9:      layout_stronghold

Skill      XL: |  1  2  3  4  5  6  7  8  9 10 |
---------------+-------------------------------+-----
Dodging        | 3 4 5 6 8 9 |  9.1
Fighting       | 4 5 6 8 9 10 | 10.7
Axes           | 4 5 6 7 9 |  9.9

Action                   |  1- 3 |  4- 6 |  7- 9 | 10-12 || total
-------------------------+-------+-------+-------+-------++-------
Melee: Hand axe          |    94 |   320 |   545 |   206 ||  1165
       Tailslap          |     7 |    32 |    91 |    45 ||   175
       Unarmed           |       |     4 |       |       ||     4
Throw: Throwing net      |       |       |     2 |       ||     2
Invok: Berserk           |       |       |       |     1 ||     1
Evoke: Wand              |       |       |     7 |       ||     7
  Use: Scroll            |       |     9 |     1 |     7 ||    17
       Potion            |       |     7 |     1 |     7 ||    15
 Stab: Sleeping          |       |     1 |       |       ||     1
       Invisible         |       |     5 |       |       ||     5
       Held in net/web   |       |       |     2 |       ||     2
  Eat: Chunk             |       |    10 |    13 |     5 ||    28
       Ration            |       |     1 |     2 |     2 ||     5
Armor: Skin              |    27 |    72 |   108 |    27 ||   234
Dodge: Dodged            |    77 |   233 |   335 |   114 ||   759
Block: Other             |       |    21 |    56 |    20 ||    97
       Reflection        |       |     1 |     1 |     1 ||     3

Table legend:
 A = Non-vault XP
 B = Vault XP
 C = Vault XP percentage of total XP
 D = Non-vault monster count
 E = Vault monster count
 F = Vault count percentage of total count
                 A         B        C        D         E       F
            +---------+---------+-------+---------+---------+-------
      Total |    6912 |    2241 |  24.5 |     183 |      24 |  11.6
            +---------+---------+-------+---------+---------+-------
        D:1 |      46 |      40 |  46.5 |      24 |       6 |  20.0
        D:2 |     170 |       0 |   0.0 |      34 |       0 |   0.0
        D:3 |     157 |       0 |   0.0 |      27 |       0 |   0.0
        D:4 |     375 |      36 |   8.8 |      11 |       1 |   8.3
        D:5 |    1083 |      70 |   6.1 |      23 |       1 |   4.2
        D:6 |    1200 |     202 |  14.4 |      21 |       2 |   8.7
        D:7 |    1835 |     431 |  19.0 |      17 |       3 |  15.0
        D:8 |    1693 |    1462 |  46.3 |      16 |      11 |  40.7
        D:9 |     353 |       0 |   0.0 |      10 |       0 |   0.0
            +---------+---------+-------+---------+---------+-------
